 Dungeon Crawl Stone Soup version 0.19-a0-1686-g35356ef (webtiles) character file.

125 hairmachine the Ruffian (level 5, -2/45 HPs)
             Began as a Ghoul Monk on Sept 25, 2016.
             Slain by a centaur (5 damage)
             ... on level 3 of the Dungeon.
             The game lasted 00:09:25 (2862 turns).

hairmachine the Ruffian (Ghoul Monk)                Turns: 2862, Time: 00:09:25

Health: -2/45      AC:  7    Str: 15    XL:     5   Next: 9%
Magic:  4/4        EV: 10    Int:  5    God:
Gold:   169        SH:  0    Dex: 12    Spells: 0 memorised, 4 levels left

rFire  . . .     SeeInvis .       - Unarmed
rCold  + . .     Gourm    .     q - +0 scale mail (curse)
rNeg   + + +     Faith    .     (no shield)
rPois  ∞         Spirit   .     (no helmet)
rElec  .         Dismiss  .     (no cloak)
rCorr  .         Reflect  .     (no gloves)
MR     .....     Harm     .     (no boots)
Stlth  +.........               (no amulet)
                                (no ring)
                                (no ring)

@: very slightly contaminated, rotting
A: rotting body, claws 1, carnivore 3, cold resistance 1, negative energy
resistance 3, slow regeneration 1, torment resistance, unbreathing
a: no special abilities


You were on level 3 of the Dungeon.
You were not hungry.

You visited 1 branch of the dungeon, and saw 3 of its levels.

You collected 169 gold pieces.

Inventory:

Missiles
 k - a throwing net (quivered)
Armour
 q - a cursed +0 scale mail (worn)
Jewellery
 c - a +3 ring of protection {unknown}
Wands
 n - a wand of disintegration (22/24)
 o - a wand of iceblast (9/15)
Scrolls
 d - a scroll of amnesia {unknown}
 f - 4 scrolls of magic mapping
 h - 4 scrolls of remove curse
 m - 2 scrolls of blinking
 p - 2 scrolls of identify {unknown}
Potions
 a - 2 potions of curing
 g - a potion of flight {unknown}
 j - a potion of degeneration {unknown}
 l - a potion of heal wounds {unknown}
Comestibles
 b - 2 meat rations
 i - 3 chunks of flesh


   Skills:
 - Level 3.2 Fighting
 - Level 2.6 Dodging
 - Level 2.1 Stealth
 + Level 6.2 Unarmed Combat


You had 4 spell levels left.
You didn't know any spells.

Dungeon Overview and Level Annotations

Branches:
Dungeon (3/15)

Altars:
Cheibriados
Nemelex Xobeh


Innate Abilities, Weirdness & Mutations

Your body is rotting away.
You thrive on raw meat.
You are immune to poison.
You have sharp fingernails.
You are carnivorous and can eat meat at any time.
Your flesh is cold resistant. (rC+)
You are immune to negative energy. (rN+++)
You regenerate slowly when monsters are visible.
You are immune to unholy pain and torment.
You can survive without breathing.


Message History

You scratch the centaur but do no damage.
The centaur barely misses you.
You closely miss the centaur. The centaur hits you.
You scratch the centaur but do no damage.
The centaur hits you but does no damage.
The centaur hits you!
* * * LOW HITPOINT WARNING * * *
It was a potion of curing.
You feel better. The centaur closely misses you.
You closely miss the centaur. The centaur hits you.
* * * LOW HITPOINT WARNING * * *
The centaur hits you but does no damage.
Eat one of 3 chunks of flesh? (ye/n/q)
You start eating one of the 3 chunks of flesh.
The centaur hits you but does no damage.
Keep eating?
You continue eating.
The centaur hits you!
* * * LOW HITPOINT WARNING * * *
The centaur hits you.
You die...

#.# #..... #.# ###### #.#### ####
#####....# ###... ****
#......#.####..... ...##########
#.####.#........<.
#.....>.(((.####.####.######.#.##
...c.######....c...##.# #.#...
....,,* ######@#.##.# #.####
...,,** #.#.##.# ##.## #.,,**
#......# #...# .,,** #...######
#...# ,*** ******* #.#......#
#..<### ,,,***,,,,,*
###.#.####.###...#..
,,,,**,,,,,**#...)...##..........
,,,,,*,,,,,....#.#.#.............
,,,,,*,,,,,##*##.#.####..........


You could see a centaur.

Vanquished Creatures
  4 adders
  2 oozes
  4 dart slugs
  2 leopard geckos (D:2)
  An orc (D:3)
  3 ball pythons
  6 bats
  2 giant cockroaches (D:3)
  4 hobgoblins
  2 jackals (D:1)
  A quokka (D:3)
  4 frilled lizards
  9 goblins
  13 kobolds
  12 rats
69 creatures vanquished.

Notes
Turn   | Place    | Note
-------+----------+-------------------------------------------
     0 | D:1      | hairmachine the Ghoul Monk began the quest for the Orb.
     0 | D:1      | Reached XP level 1. HP: 19/19 MP: 0/0
   447 | D:1      | Reached XP level 2. HP: 26/26 MP: 1/1
   449 | D:1      | Reached skill level 4 in Unarmed Combat
   478 | D:1      | Found a snail-covered altar of Cheibriados.
   752 | D:1      | Reached XP level 3. HP: 31/31 MP: 2/2
  1287 | D:2      | Reached skill level 5 in Unarmed Combat
  1411 | D:2      | Reached XP level 4. HP: 37/38 MP: 3/3
  1513 | D:2      | Found a sparkling altar of Nemelex Xobeh.
  2468 | D:3      | Reached skill level 6 in Unarmed Combat
  2468 | D:3      | Reached XP level 5. HP: 44/45 MP: 4/4
  2841 | D:3      | Noticed a centaur
  2862 | D:3      | Slain by a centaur

Vault maps used:
D:1:      dpeg_arrival_leaves_temple_mockup, cheibriados_altar_1
D:2:      nicolae_overflow_hidden_temple
D:3:      grunt_gozag_breadcrumbs

Skill      XL: |  1  2  3  4 |
---------------+-------------+-----
Unarmed Combat | 4 5 6 |  6.2
Fighting       | |  3.2
Dodging        | |  2.6
Stealth        | |  2.1

Action                   |  1- 3 |  4- 6 || total
-------------------------+-------+-------++-------
Melee: Unarmed           |   128 |    92 ||   220
       Punch             |     1 |     3 ||     4
  Use: Scroll            |       |     4 ||     4
       Potion            |       |     1 ||     1
 Stab: Sleeping          |     1 |       ||     1
  Eat: Chunk             |    12 |    15 ||    27
Armor: Scale mail        |    44 |    36 ||    80
       Robe              |     1 |       ||     1
Dodge: Dodged            |    61 |    43 ||   104
